Map: Central Protocol

Players

JuGGeRNuTz

  • Race: Zerg Zerg
  • League: Platinum

Ender - Winner!

  • Race: Protoss Protoss
  • League: Platinum

VOD

Have the link to the VOD?

Description

Time

  • Played on: Nov. 10, 2015, 6:39 p.m.
  • Length: 13:11
Show
View Real Time Build Order
Export as new Build Order

JuGGeRNuTz Zerg 

Build Orders: 3 Hatch before Pool 

Get SALT Encoding   

  12  0:01  Drone  
  13  0:09  Drone  
  14  0:20  Overlord  
  14  0:27  Extractor x2  
  14  0:28  Drone  
  13  0:29  Drone  
  16  0:39  Drone  
  17  0:45  Drone  
  18  0:59  Hatchery  
  18  1:00  Drone  
  18  1:06  Drone  
  19  1:20  Drone  
  20  1:31  Hatchery  
  19  1:40  Spawning Pool  
  19  1:42  Drone  
  19  1:49  Drone  
  19  1:50  Drone  
  21  2:03  Drone  
  22  2:12  Overlord, Drone  
  23  2:26  Overlord  
  23  2:27  Queen  
  23  2:28  Queen  
  28  2:30  Drone  
  28  2:33  Drone  
  28  2:35  Zergling x2  
  30  2:42  Drone, Extractor  
  30  2:43  Extractor  
  30  2:44  Drone x2  
  31  2:52  Queen  
  31  2:57  Drone  
  31  2:58  Drone  
  35  2:59  Drone  
  36  3:08  Drone x3  
  39  3:15  Overlord  
  39  3:17  Drone x2  
  41  3:25  Extractor  
  40  3:27  Overlord  
  40  3:35  Drone x2  
  40  3:38  Lair  
  42  3:48  Roach Warren  
  41  3:51  Drone x4  
  41  3:55  Overlord  
  44  4:00  Queen  
  45  4:03  Drone x3  
  48  4:13  Overlord  
  50  4:17  Drone x4  
  52  4:27  Evolution Chamber  
  52  4:28  Roach x2  
  52  4:29  Roach  
  57  4:36  Roach x3  
  57  4:37  Glial Reconstitution  
  63  4:47  Overseer  
  63  4:50  Roach x4  
  71  4:54  Zerg Missile Weapons Level 1  
  71  5:00  Roach x3  
  71  5:01  Overlord  
  77  5:16  Overlord  
  75  5:21  Drone x4  
  75  5:22  Drone x4  
  75  5:23  Drone  
  83  5:35  Drone x5  
  86  5:37  Overlord  
  87  5:43  Drone  
  87  5:44  Drone x2  
  87  5:48  Hydralisk Den  
  89  5:52  Extractor  
  89  5:53  Overlord  
  88  6:00  Roach x5  
  88  6:01  Evolution Chamber, Roach  
  99  6:06  Overlord x2  
  99  6:27  Hydralisk x3  
  99  6:28  Hydralisk x6  
  117  6:36  Overlord  
  117  6:47  Muscular Augments  
  115  6:54  Hydralisk x2  
  115  7:01  Hatchery  
  118  7:08  Hydralisk  
  118  7:09  Hydralisk x2  
  118  7:14  Drone x6  
  130  7:16  Extractor  
  130  7:17  Drone  
  130  7:18  Extractor  
  105  7:27  Roach x5  
  105  7:28  Roach x4  
  111  7:34  Roach x2  
  111  7:41  Roach x2  
  111  7:42  Roach  
  117  7:46  Drone x6  
  123  8:03  Roach x3  
  123  8:05  Overlord x2  
  129  8:06  Zerg Missile Weapons Level 2  
  129  8:08  Zerg Ground Armor Level 1  
  129  8:12  Drone  
  130  8:13  Overlord  
  130  8:15  Overlord, Drone  
  130  8:16  Drone  
  132  8:34  Overlord  
  132  8:45  Overlord  
  132  8:46  Roach x10  
  132  8:47  Roach x5  
  148  8:58  Drone x4  
  148  9:01  Drone x2  
  144  9:03  Overlord  
  144  9:05  Roach x5  
  150  9:13  Roach x2  
  150  9:14  Roach x2  
  126  9:24  Hydralisk x4  
  126  9:25  Hydralisk  
  128  9:33  Hydralisk x2  
  128  9:34  Hydralisk x2  
  116  9:51  Roach x5  
  116  9:52  Roach  
  128  9:53  Overlord x2  
  128  9:55  Drone x3  
  115  10:09  Drone x5  
  115  10:10  Drone x2  
  120  10:14  Hydralisk x2  
  122  10:25  Hydralisk x6  
  128  10:37  Hydralisk x3  
  128  10:38  Hydralisk x3  
  136  10:47  Pneumatized Carapace  
  136  10:54  Roach x5  
  136  10:55  Hatchery  
  104  11:06  Roach x3  
  104  11:07  Roach  
  90  11:21  Overlord  
Show
View Real Time Build Order
Export as new Build Order

Ender Protoss - Winner!

Build Orders: Nexus First, Blink Stalkers 

Get SALT Encoding   

  12  0:01  Probe (Chrono Boost)  
  13  0:11  Probe (Chrono Boost)  
  14  0:22  Probe (Chrono Boost), Pylon  
  15  0:40  Probe (Chrono Boost)  
  16  1:00  Nexus  
  16  1:04  Probe (Chrono Boost)  
  17  1:09  Gateway  
  17  1:14  Probe (Chrono Boost)  
  17  1:17  Assimilator  
  18  1:23  Assimilator  
  18  1:26  Probe (Chrono Boost)  
  19  1:37  Probe (Chrono Boost)  
  20  1:45  Pylon  
  20  1:48  Probe (Chrono Boost)  
  21  1:58  Probe (Chrono Boost)  
  21  2:00  Cybernetics Core  
  24  2:09  Probe (Chrono Boost)  
  24  2:14  Probe (Chrono Boost)  
  26  2:25  Probe x2 (Chrono Boost)  
  28  2:35  Probe (Chrono Boost)  
  28  2:36  Adept  
  29  2:37  Warp Gate  
  29  2:38  Robotics Facility  
  30  2:48  Probe (Chrono Boost)  
  30  2:50  Mothership Core (Chrono Boost)  
  32  2:56  Twilight Council  
  32  2:59  Probe (Chrono Boost)  
  33  3:08  Probe (Chrono Boost)  
  33  3:12  Probe (Chrono Boost)  
  35  3:19  Probe (Chrono Boost)  
  36  3:24  Gateway  
  35  3:28  Gateway  
  35  3:31  Warp Prism  
  37  3:35  Probe (Chrono Boost)  
  37  3:38  Probe (Chrono Boost)  
  39  3:43  Blink  
  39  3:49  Probe (Chrono Boost)  
  39  3:50  Probe (Chrono Boost)  
  39  3:53  Stalker  
  43  3:57  Pylon  
  43  4:00  Probe (Chrono Boost)  
  44  4:06  Probe (Chrono Boost)  
  45  4:10  Probe (Chrono Boost)  
  45  4:17  Probe (Chrono Boost)  
  45  4:21  Probe (Chrono Boost)  
  46  4:27  Probe (Chrono Boost)  
  47  4:31  Probe (Chrono Boost)  
  47  4:36  Nexus  
  47  4:37  Pylon  
  49  4:39  Pylon  
  49  4:42  Adept x2  
  54  4:46  Adept  
  54  4:51  Assimilator  
  54  4:56  Probe x2 (Chrono Boost), Assimilator  
  54  4:59  Robotics Bay  
  56  5:02  Forge  
  56  5:06  Probe (Chrono Boost)  
  57  5:09  Probe (Chrono Boost)  
  56  5:17  Probe (Chrono Boost)  
  57  5:23  Probe (Chrono Boost)  
  57  5:24  Stalker x3  
  62  5:36  Probe (Chrono Boost)  
  61  5:45  Probe (Chrono Boost)  
  61  5:47  Disruptor (Chrono Boost), Protoss Ground Weapons Level 1  
  65  5:58  Probe  
  66  6:04  Stalker x3  
  66  6:06  Probe  
  66  6:07  Gateway  
  66  6:09  Gateway  
  73  6:16  Probe  
  74  6:21  Probe, Disruptor (Chrono Boost)  
  74  6:23  Probe  
  79  6:27  Gateway  
  79  6:30  Gateway, Pylon  
  79  6:33  Stalker x3, Forge  
  79  6:38  Pylon  
  85  6:47  Probe x2, Pylon, Assimilator  
  85  6:48  Probe  
  85  6:51  Assimilator  
  85  6:52  Observer (Chrono Boost)  
  89  7:00  Probe  
  90  7:04  Stalker  
  90  7:05  Stalker x2  
  96  7:27  Probe  
  89  7:31  Gateway  
  89  7:33  Pylon  
  89  7:34  Stalker  
  89  7:35  Stalker x2  
  91  7:37  Disruptor (Chrono Boost)  
  91  7:39  Stalker x3  
  91  7:42  Probe x2  
  91  7:43  Probe  
  103  7:52  Probe x2  
  103  7:54  Stalker, Protoss Ground Weapons Level 2  
  103  7:55  Probe  
  103  7:56  Protoss Ground Armor Level 1  
  108  8:00  Nexus  
  108  8:02  Pylon  
  108  8:03  Probe x2  
  110  8:06  Stalker  
  110  8:07  Stalker x2  
  116  8:14  Probe  
  117  8:20  Pylon  
  117  8:21  Pylon  
  117  8:23  Pylon  
  117  8:24  Adept x3  
  123  8:34  Probe  
  123  8:36  Probe  
  123  8:40  Adept x3  
  131  8:55  Stalker x4  
  129  8:56  Stalker  
  131  9:04  Probe x2  
  131  9:06  Probe  
  119  9:24  Stalker x3  
  119  9:25  Stalker x4  
  119  9:28  Disruptor (Chrono Boost)  
  119  9:47  Stalker x2  
  119  9:48  Stalker x4  
  129  9:53  Probe  
  129  9:55  Probe  
  129  9:59  Probe, Disruptor (Chrono Boost)  
  134  10:04  Probe  
  134  10:08  Probe, Assimilator  
  134  10:10  Resonating Glaives, Protoss Ground Armor Level 2  
  134  10:13  Assimilator  
  133  10:26  Stalker  
  133  10:27  Stalker x4  
  133  10:28  Stalker x3  
  147  10:33  Disruptor (Chrono Boost)  
  152  10:40  Gateway  
  150  10:43  Probe  
  150  10:44  Probe x2  
  150  10:45  Probe  
  154  10:56  Adept x3  
  154  10:57  Adept x5  
  162  11:12  Probe  
  157  11:41  Stalker x3  
  163  12:13  Probe  
  164  12:28  Nexus  
  164  12:30  Pylon  
  164  12:32  Pylon  
  164  12:45  Probe  
  162  13:04  Photon Cannon  
  162  13:06  Photon Cannon  
  162  13:07  Photon Cannon  
  162  13:10  Photon Cannon  
Tags
 
Add a new tag
Caveats
  • Supply blocks, unpowered buildings, or Contaminate may cause inaccurate times.
  • Supply counts are checked every 10 seconds.